TOP OF THE 1ST |
Norfolk Tides batting - Pitching for Omaha Storm Chasers : RHP Ken Hall
|
Pitching: RHP Ken Hall
|
|
Batting: RHB Bobby Scholl
|
0-0: Ball 1-0: Ground out 6-3 (Groundball, 56D, EV 88.8 MPH)
|
Batting: RHB Mario Saez
|
0-0: Ground out 5-3 (Groundball, 5, EV 102.5 MPH)
|
Batting: LHB Wes Goscinski
|
0-0: Ball 1-0: Called Strike 1-1: Ball 2-1: Foul Ball, location: 2F 2-2: SINGLE (Groundball, 4MD, EV 98.1 MPH)
|
Batting: RHB Ernie Weathersbee
|
0-0: Called Strike 0-1: Ball 1-1: Swinging Strike 1-2: Strikes out swinging
|
Top of the 1st over - 0 runs, 1 hit, 0 errors, 1 left on base; Norfolk 0 - Omaha 0 |
BOTTOM OF THE 1ST |
Omaha Storm Chasers batting - Pitching for Norfolk Tides : RHP John Piccola
|
Pitching: RHP John Piccola
|
|
Batting: LHB Willie Gutierrez
|
0-0: Ball 1-0: Called Strike 1-1: Foul Ball, location: 2F 1-2: Strikes out swinging
|
Batting: RHB Walt Cogswell
|
0-0: Swinging Strike 0-1: Ball 1-1: Swinging Strike 1-2: Strikes out swinging
|
Batting: RHB Taisei Fujii
|
0-0: Called Strike 0-1: Fly out, F7 (Line Drive, 7D, EV 95.6 MPH)
|
Bottom of the 1st over - 0 runs, 0 hits, 0 errors, 0 left on base; Norfolk 0 - Omaha 0 |
TOP OF THE 2ND |
Norfolk Tides batting - Pitching for Omaha Storm Chasers : RHP Ken Hall
|
Batting: RHB Kory Sanchez
|
0-0: Called Strike 0-1: Called Strike 0-2: Ground out 6-3 (Groundball, 56, EV 78.1 MPH)
|
Batting: SHB Brian Bentz
|
0-0: Ball 1-0: Called Strike 1-1: Ball 2-1: Ball 3-1: Base on Balls
|
Batting: LHB Jose Chinchilla
|
0-0: Called Strike 0-1: Foul Ball, location: 2F 0-2: Strikes out swinging
|
Batting: RHB Travis Carter
|
0-0: Ball 1-0: Called Strike 1-1: Ball 2-1: Foul Ball, location: 2F 2-2: Foul Ball, location: 2F 2-2: Ball 3-2: Base on Balls Brian Bentz to second
|
Batting: LHB Tyler Allen
|
0-0: Reached via error on a dropped throw from 2B, E3 (Groundball, 4, EV 78.8 MPH) Brian Bentz to third Travis Carter to second
|
Batting: RHB Bobby Scholl
|
0-0: Called Strike 0-1: Ball 1-1: Ball 2-1: Called Strike 2-2: Hit by Pitch Brian Bentz scores Travis Carter to third Tyler Allen to second
|
Batting: RHB Mario Saez
|
0-0: Ball 1-0: Ball 2-0: Ball 3-0: Called Strike 3-1: Base on Balls Travis Carter scores Tyler Allen to third Bobby Scholl to second
|
Batting: LHB Wes Goscinski
|
0-0: Ball 1-0: Foul Ball, location: 2F 1-1: Ball 2-1: Ball 3-1: Ground out U3 (Groundball, 3, EV 101.9 MPH)
|
Top of the 2nd over - 2 runs, 0 hits, 1 error, 3 left on base; Norfolk 2 - Omaha 0 |
BOTTOM OF THE 2ND |
Omaha Storm Chasers batting - Pitching for Norfolk Tides : RHP John Piccola
|
Batting: LHB Jim Pankratz
|
0-0: Called Strike 0-1: Called Strike 0-2: Strikes out swinging
|
Batting: RHB Ken Postlethwaite
|
0-0: Ball 1-0: Fly out, F8 (Flyball, 8RD, EV 100.6 MPH)
|
Batting: LHB Danny Bailey
|
0-0: Ball 1-0: Foul Ball, location: 2F 1-1: Ball 2-1: Ball 3-1: Base on Balls
|
Batting: RHB Yuichi Takata
|
0-0: Ball 1-0: Called Strike Danny Bailey steals 2nd base 1-1: Ball 2-1: Foul Ball, location: 2F 2-2: Fly out, F7 (Flyball, 7, EV 91.2 MPH)
|
Bottom of the 2nd over - 0 runs, 0 hits, 0 errors, 1 left on base; Norfolk 2 - Omaha 0 |
TOP OF THE 3RD |
Norfolk Tides batting - Pitching for Omaha Storm Chasers : RHP Ken Hall
|
Batting: RHB Ernie Weathersbee
|
0-0: Foul Ball, location: 2F 0-1: Ball 1-1: Fly out, F9 (Flyball, 9LM, EV 95.6 MPH)
|
Batting: RHB Kory Sanchez
|
0-0: Hit by Pitch
|
Batting: SHB Brian Bentz
|
0-0: Foul Ball, location: 2F 0-1: Ball 1-1: Swinging Strike 1-2: Ball 2-2: Foul Ball, location: 2F 2-2: Foul Ball, location: 2F 2-2: Ball 3-2: Base on Balls Kory Sanchez to second
|
Batting: LHB Jose Chinchilla
|
0-0: Fielders Choice at 2nd, 4-6 (Groundball, 4, EV 88.1 MPH) Kory Sanchez to third
|
Batting: RHB Travis Carter
|
0-0: Called Strike Jose Chinchilla is caught stealing 2nd base 2-4
|
Top of the 3rd over - 0 runs, 0 hits, 0 errors, 1 left on base; Norfolk 2 - Omaha 0 |
BOTTOM OF THE 3RD |
Omaha Storm Chasers batting - Pitching for Norfolk Tides : RHP John Piccola
|
Batting: SHB Arturo Baez
|
0-0: Swinging Strike 0-1: Ball 1-1: Ball 2-1: Fly out, F7 (Flyball, 78M, EV 75.0 MPH)
|
Batting: RHB Jason Birge
|
0-0: Called Strike 0-1: Called Strike 0-2: Ball 1-2: Ball 2-2: Strikes out looking
|
Batting: LHB Willie Gutierrez
|
0-0: Ball 1-0: Ground out 6-3 (Groundball, 6, EV 84.4 MPH)
|
Bottom of the 3rd over - 0 runs, 0 hits, 0 errors, 0 left on base; Norfolk 2 - Omaha 0 |
TOP OF THE 4TH |
Norfolk Tides batting - Pitching for Omaha Storm Chasers : RHP Ken Hall
|
Batting: RHB Travis Carter
|
0-0: Swinging Strike 0-1: Ball 1-1: Ball 2-1: SOLO HOME RUN (Flyball, 78XD, EV 102.5 MPH), Distance : 404 ft
|
Batting: LHB Tyler Allen
|
0-0: Called Strike 0-1: Ball 1-1: Ball 2-1: Foul Ball, location: 2F 2-2: Ball 3-2: Strikes out swinging
|
Batting: RHB Bobby Scholl
|
0-0: Ground out 5-3 (Groundball, 56, EV 85.6 MPH)
|
Batting: RHB Mario Saez
|
0-0: Ball 1-0: Ball 2-0: Ball 3-0: Called Strike 3-1: Base on Balls
|
Batting: LHB Wes Goscinski
|
0-0: Ball 1-0: SINGLE (Flyball, 7, EV 93.1 MPH) Mario Saez to second
|
Batting: RHB Ernie Weathersbee
|
0-0: Called Strike 0-1: Ball 1-1: Foul Ball, location: 2F 1-2: Strikes out swinging
|
Top of the 4th over - 1 run, 2 hits, 0 errors, 2 left on base; Norfolk 3 - Omaha 0 |
BOTTOM OF THE 4TH |
Omaha Storm Chasers batting - Pitching for Norfolk Tides : RHP John Piccola
|
Batting: RHB Walt Cogswell
|
0-0: Ball 1-0: Fly out, F8 (Flyball, 8LS, EV 90.0 MPH)
|
Batting: RHB Taisei Fujii
|
0-0: Ball 1-0: Swinging Strike 1-1: Foul Ball, location: 2F 1-2: Ball 2-2: SINGLE (Line Drive, 6D, EV 106.2 MPH)
|
Batting: LHB Jim Pankratz
|
0-0: Called Strike Taisei Fujii is caught stealing 2nd base 2-6 0-1: Ball 1-1: Ball 2-1: Foul Ball, location: 2F 2-2: Foul Ball, location: 2F 2-2: Foul Ball, location: 2F 2-2: Ball 3-2: Base on Balls
|
Batting: RHB Ken Postlethwaite
|
0-0: Called Strike 0-1: Ball Jim Pankratz steals 2nd base 1-1: Ball 2-1: Fly out, F8 (Line Drive, 8RM, EV 103.1 MPH)
|
Bottom of the 4th over - 0 runs, 1 hit, 0 errors, 1 left on base; Norfolk 3 - Omaha 0 |
TOP OF THE 5TH |
Norfolk Tides batting - Pitching for Omaha Storm Chasers : RHP Ken Hall
|
Batting: RHB Kory Sanchez
|
0-0: Swinging Strike 0-1: DOUBLE (Line Drive, 9LS, EV 100.0 MPH)
|
Batting: SHB Brian Bentz
|
0-0: Ball 1-0: Ball 2-0: DOUBLE (Flyball, 8LXD, EV 90.6 MPH) Kory Sanchez scores
|
Batting: LHB Jose Chinchilla
|
0-0: Fly out, F3 (Line Drive, 3L, EV 63.1 MPH)
|
Batting: RHB Travis Carter
|
0-0: Ground out 6-3 (Groundball, 6, EV 100.6 MPH)
|
Batting: LHB Tyler Allen
|
0-0: Foul Ball, location: 2F 0-1: Foul Ball, location: 2F 0-2: Strikes out swinging
|
Top of the 5th over - 1 run, 2 hits, 0 errors, 1 left on base; Norfolk 4 - Omaha 0 |
BOTTOM OF THE 5TH |
Omaha Storm Chasers batting - Pitching for Norfolk Tides : RHP John Piccola
|
Batting: LHB Danny Bailey
|
0-0: SINGLE (Groundball, 34D, EV 105.6 MPH)
|
Batting: RHB Yuichi Takata
|
0-0: Foul Ball, location: 2F 0-1: Swinging Strike 0-2: Ball 1-2: Ball 2-2: Strikes out swinging
|
Batting: SHB Arturo Baez
|
0-0: Foul Ball, location: 2F 0-1: Foul Ball, location: 2F 0-2: Ball 1-2: Ball 2-2: Ball 3-2: Hit by Pitch Danny Bailey to second
|
Batting: RHB Jason Birge
|
0-0: Ball 1-0: Foul Ball, location: 2F 1-1: Foul Ball, location: 2F 1-2: Strikes out swinging
|
Batting: LHB Willie Gutierrez
|
0-0: Called Strike 0-1: Ball 1-1: Called Strike 1-2: Ground out U3 (Groundball, 34S, EV 72.5 MPH)
|
Bottom of the 5th over - 0 runs, 1 hit, 0 errors, 2 left on base; Norfolk 4 - Omaha 0 |
TOP OF THE 6TH |
Norfolk Tides batting - Pitching for Omaha Storm Chasers : RHP Ken Hall
|
Batting: RHB Bobby Scholl
|
0-0: Foul Ball, location: 2F 0-1: Foul Ball, location: 2F 0-2: Ball 1-2: Ground out 5-3 (Groundball, 5, EV 107.5 MPH)
|
Pitching: RHP Joe Noonan
|
|
Batting: RHB Mario Saez
|
0-0: Ball 1-0: Called Strike 1-1: Called Strike 1-2: Ball 2-2: Ball 3-2: Foul Ball, location: 2F 3-2: Base on Balls
|
Batting: LHB Wes Goscinski
|
0-0: Ball 1-0: Called Strike 1-1: Ball 2-1: Called Strike 2-2: Strikes out looking
|
Batting: RHB Ernie Weathersbee
|
0-0: Foul Ball, location: 2F 0-1: Foul Ball, location: 2F 0-2: Ball 1-2: Strikes out swinging
|
Top of the 6th over - 0 runs, 0 hits, 0 errors, 1 left on base; Norfolk 4 - Omaha 0 |
BOTTOM OF THE 6TH |
Omaha Storm Chasers batting - Pitching for Norfolk Tides : RHP John Piccola
|
Batting: RHB Walt Cogswell
|
0-0: Called Strike 0-1: Swinging Strike 0-2: Ball 1-2: Strikes out swinging
|
Batting: RHB Taisei Fujii
|
0-0: Ground out 6-3 (Groundball, 6S, EV 83.1 MPH)
|
Batting: LHB Jim Pankratz
|
0-0: Ball 1-0: Ball 2-0: Called Strike 2-1: Foul Ball, location: 2F 2-2: Ball 3-2: Foul Ball, location: 2F 3-2: Strikes out looking
|
Bottom of the 6th over - 0 runs, 0 hits, 0 errors, 0 left on base; Norfolk 4 - Omaha 0 |
TOP OF THE 7TH |
Norfolk Tides batting - Pitching for Omaha Storm Chasers : RHP Joe Noonan
|
Batting: RHB Kory Sanchez
|
0-0: Fly out, F9 (Flyball, 9S, EV 86.2 MPH)
|
Batting: SHB Brian Bentz
|
0-0: Swinging Strike 0-1: Ball 1-1: Swinging Strike 1-2: Ball 2-2: Strikes out swinging
|
Batting: LHB Jose Chinchilla
|
0-0: DOUBLE (Line Drive, 8LXD, EV 96.2 MPH)
|
Batting: RHB Travis Carter
|
0-0: Ball 1-0: Called Strike 1-1: Fly out, F5 (Popup, 56S, EV 85.6 MPH)
|
Top of the 7th over - 0 runs, 1 hit, 0 errors, 1 left on base; Norfolk 4 - Omaha 0 |
BOTTOM OF THE 7TH |
Omaha Storm Chasers batting - Pitching for Norfolk Tides : RHP John Piccola
|
Batting: RHB Ken Postlethwaite
|
0-0: Foul Ball, location: 2F 0-1: Foul Ball, location: 2F 0-2: Strikes out looking
|
Batting: LHB Danny Bailey
|
0-0: Ball 1-0: Foul Ball, location: 2F 1-1: Ball 2-1: Called Strike 2-2: Ball 3-2: Base on Balls
|
Pitching: LHP Kichisaburo Sakuma
|
|
Batting: RHB Yuichi Takata
|
0-0: Ball Danny Bailey steals 2nd, throwing error, E2 Danny Bailey to third 1-0: Ball 2-0: Called Strike 2-1: Swinging Strike 2-2: Ball 3-2: Strikes out swinging
|
Batting: SHB Arturo Baez
|
0-0: Called Strike 0-1: Ball 1-1: Ball 2-1: Ball 3-1: Called Strike 3-2: TRIPLE (Line Drive, 8RXD, EV 105.0 MPH) Danny Bailey scores
|
Batting: RHB Jason Birge
|
0-0: Ball 1-0: Ball 2-0: Called Strike 2-1: Foul Ball, location: 2F 2-2: Strikes out swinging
|
Bottom of the 7th over - 1 run, 1 hit, 1 error, 1 left on base; Norfolk 4 - Omaha 1 |
TOP OF THE 8TH |
Norfolk Tides batting - Pitching for Omaha Storm Chasers : RHP Joe Noonan
|
Pitching: RHP Rich Frontczak
|
|
Batting: LHB Tyler Allen
|
0-0: Called Strike 0-1: Foul Ball, location: 2F 0-2: Ball 1-2: Ground out 5-3 (Groundball, 5L, EV 93.1 MPH)
|
Batting: RHB Bobby Scholl
|
0-0: Called Strike 0-1: Ball 1-1: Ball 2-1: Ground out 6-3 (Groundball, 56, EV 83.1 MPH)
|
Batting: RHB Mario Saez
|
0-0: Called Strike 0-1: Foul Ball, location: 2F 0-2: Ball 1-2: Foul Ball, location: 2F 1-2: Ball 2-2: Ball 3-2: Strikes out looking
|
Top of the 8th over - 0 runs, 0 hits, 0 errors, 0 left on base; Norfolk 4 - Omaha 1 |
BOTTOM OF THE 8TH |
Omaha Storm Chasers batting - Pitching for Norfolk Tides : LHP Kichisaburo Sakuma
|
Batting: LHB Willie Gutierrez
|
0-0: Ball 1-0: Ball 2-0: Called Strike 2-1: Called Strike 2-2: Foul Ball, location: 2F 2-2: Fly out, F6 (Line Drive, 6M, EV 62.5 MPH)
|
Batting: RHB Walt Cogswell
|
0-0: Ball 1-0: Ball 2-0: Foul Ball, location: 2F 2-1: Foul Ball, location: 2F 2-2: Foul Ball, location: 2F 2-2: Ball 3-2: Base on Balls
|
Batting: RHB Taisei Fujii
|
0-0: Ball 1-0: 2-RUN HOME RUN (Flyball, 78XD, EV 98.8 MPH), Distance : 393 ft
|
Pinch Hitting: SHB Jared O'Connor
|
0-0: Called Strike 0-1: Foul Ball, location: 2F 0-2: Ball 1-2: Foul Ball, location: 2F 1-2: Ball 2-2: Ball 3-2: Foul Ball, location: 2F 3-2: Base on Balls
|
Pitching: RHP Dave Reisinger
|
|
Batting: RHB Ken Postlethwaite
|
0-0: Grounds into double play, 5-4-3 (Groundball, 5, EV 88.8 MPH)
|
Bottom of the 8th over - 2 runs, 1 hit, 0 errors, 0 left on base; Norfolk 4 - Omaha 3 |
TOP OF THE 9TH |
Norfolk Tides batting - Pitching for Omaha Storm Chasers : RHP Rich Frontczak
|
Pitching: RHP Terry Romaine
|
|
Now in LF: Willie Gutierrez
|
|
Now in RF: Kevin Allen
|
|
Batting: LHB Wes Goscinski
|
0-0: Called Strike 0-1: Swinging Strike 0-2: Ball 1-2: Foul Ball, location: 2F 1-2: Ball 2-2: Strikes out swinging
|
Batting: RHB Ernie Weathersbee
|
0-0: Ball 1-0: Fly out, F4 (Popup, 4D, EV 71.9 MPH)
|
Batting: RHB Kory Sanchez
|
0-0: Swinging Strike 0-1: Foul Ball, location: 2F 0-2: Ball 1-2: Ball 2-2: DOUBLE (Line Drive, 89XD, EV 110.6 MPH)
|
Batting: SHB Brian Bentz
|
0-0: Ball 1-0: Ball 2-0: Called Strike 2-1: Ball 3-1: Base on Balls
|
Batting: LHB Jose Chinchilla
|
0-0: Called Strike 0-1: Swinging Strike 0-2: Ball 1-2: Ball 2-2: Strikes out swinging
|
Top of the 9th over - 0 runs, 1 hit, 0 errors, 2 left on base; Norfolk 4 - Omaha 3 |
BOTTOM OF THE 9TH |
Omaha Storm Chasers batting - Pitching for Norfolk Tides : RHP Dave Reisinger
|
Pitching: RHP Roger Warren
|
|
Now at 2B: Andy Bridger
|
|
Now in RF: James Betron
|
|
Batting: LHB Danny Bailey
|
0-0: Swinging Strike 0-1: Ball 1-1: Called Strike 1-2: Ball 2-2: Strikes out swinging
|
Batting: RHB Yuichi Takata
|
0-0: Ground out 4-3 (Groundball, 34, EV 93.1 MPH)
|
Batting: SHB Arturo Baez
|
0-0: Swinging Strike 0-1: Called Strike 0-2: Foul Ball, location: 2F 0-2: Ball 1-2: Strikes out swinging
|
Bottom of the 9th over - 0 runs, 0 hits, 0 errors, 0 left on base; Norfolk 4 - Omaha 3 |
|